 Dungeon Crawl Stone Soup version 0.26-a0-450-ge645bd13c1 (webtiles) character file.

Game seed: 14398441595809216284

70 Freyura the Twirler (level 4, -5/34 HPs)
             Began as a Demonspawn Gladiator on July 27, 2020.
             Slain by a gnoll
             ... wielding a +1 halberd of protection
              (9 damage)
             ... on level 2 of the Dungeon.
             The game lasted 00:03:16 (1551 turns).

Freyura the Twirler (Demonspawn Gladiator)          Turns: 1551, Time: 00:03:17

Health: -5/34      AC:  3    Str: 14    XL:     4   Next: 3%
Magic:  4/4        EV: 13    Int:  9    God:
Gold:   83         SH:  0    Dex: 16    Spells: 3/3 levels left

rFire    . . .     SeeInvis .   a - +0 quarterstaff
rCold    . . .     Faith    .   (shield currently unavailable)
rNeg     . . .     Spirit   .   b - +0 leather armour
rPois    .         Reflect  .   (helmet restricted)
rElec    .         Harm     .   (no cloak)
rCorr    .                      (no gloves)
MR       .....                  (no boots)
Stlth    +.........             (no amulet)
HPRegen  0.11/turn              (no ring)
MPRegen  0.09/turn              (no ring)

@: no status effects
A: antennae 1, talons 1, demonic guardian 1
a: no special abilities


You were on level 2 of the Dungeon.
You visited 1 branch of the dungeon, and saw 2 of its levels.

You collected 83 gold pieces.

Inventory:

Hand Weapons
 a - a +0 quarterstaff (weapon)
Missiles
 d - 3 throwing nets (quivered)
Armour
 b - a +0 leather armour (worn)
 c - a +1 helmet
Scrolls
 f - a scroll of remove curse
 g - a scroll of blinking
Potions
 j - a potion of ambrosia
 k - a potion of stabbing {unknown}


   Skills:
 + Level 2.5 Fighting
 * Level 3.5 Staves
 - Level 1.7 Throwing
 + Level 1.2 Armour
 + Level 3.1 Dodging


You had 3 spell levels left.
You didn't know any spells.
Your spell library was empty.

Dungeon Overview and Level Annotations

Branches:
Dungeon (2/15)

Altars:


Innate Abilities, Weirdness & Mutations

You have a pair of small antennae on your head.
You have sharp toenails.
A weak demonic guardian rushes to your aid.


Message History

You closely miss the gnoll. You claw the gnoll.
The gnoll is lightly wounded.
The gnoll misses you. The gnoll barely misses you.
Your shadow imp completely misses the gnoll.
The gnoll closely misses you.
You barely miss the gnoll. You claw the gnoll.
The gnoll is lightly wounded.
The gnoll hits you with a cursed -1 flail!
Your shadow imp barely misses the gnoll.
The gnoll hits you with a +0 flail.
The gnoll hits you from afar with a +1 halberd of protection.
You hit the gnoll but do no damage.
The gnoll is lightly wounded.
The gnoll hits you with a cursed -1 flail.
* * * LOW HITPOINT WARNING * * *
Your shadow imp closely misses the gnoll.
The gnoll hits you with a +0 flail.
* * * LOW HITPOINT WARNING * * *
The gnoll hits you from afar with a +1 halberd of protection!
You die...

############
#..........#
#..........# ###
####..........####..
#................+..
#........####....#..
####........####....#..
##...>..........+....###
#.....g@5##.###.#....#
#......g.##.# #...#..#
#.....g####.# ###.##.##
#..$... #.# ..##..#
#...... #.. #....#†##
#...... ##. #.##.#..#
##..... / #.##.# #.....
.. #.. ........


You could see 3 gnolls and a friendly shadow imp (summoned).

Vanquished Creatures
  An adder (D:2)
  A worm (D:2)
  A dart slug (D:1)
  A leopard gecko (D:1)
  A bat (D:1)
  2 giant cockroaches
  6 goblins
  6 hobgoblins
  9 jackals
  A quokka (D:2)
  A ball python (D:1)
  4 frilled lizards
  3 kobolds (D:1)
  7 rats
44 creatures vanquished.

Vanquished Creatures (collateral kills)
  A gnoll (D:2)
1 creature vanquished.

Grand Total: 45 creatures vanquished

Notes
Turn   | Place    | Note
-------+----------+-------------------------------------------
     0 | D:1      | Freyura the Demonspawn Gladiator began the quest for the
                  | Orb.
     0 | D:1      | Reached XP level 1. HP: 16/16 MP: 1/1
   231 | D:1      | Gained mutation: A weak demonic guardian rushes to your
                  | aid. [demonic ancestry]
   231 | D:1      | Reached XP level 2. HP: 18/22 MP: 2/2
   779 | D:1      | Gained mutation: You have sharp toenails. [demonic
                  | ancestry]
   779 | D:1      | Reached XP level 3. HP: 16/28 MP: 3/3
  1287 | D:2      | Reached skill level 1 in Armour
  1546 | D:2      | HP: 1/28 [gnoll/+0 flail (7)]
  1547 | D:2      | Gained mutation: You have a pair of small antennae on your
                  | head. [demonic ancestry]
  1547 | D:2      | Reached XP level 4. HP: 33/34 MP: 4/4
  1551 | D:2      | Slain by a gnoll

Illustrated notes

Levels and vault maps discovered:
D:1:      lightli_arrival_quake, layout_basic, serial_bayou_pond_e
D:2:      layout_basic, lemuel_crystal_altar, kennysheep_boxes, uniq_natasha

Skill      XL: |  1  2  3 |
---------------+----------+-----
Staves         | 3 |  3.5
Dodging        | 3 |  3.1
Armour         | 1 |  1.2
Fighting       | |  2.5
Throwing       | |  1.7

Action                   |  1- 3 |  4- 6 || total
-------------------------+-------+-------++-------
Melee: Quarterstaff      |   115 |     3 ||   118
       Kick              |     9 |     2 ||    11
  Use: Scroll            |     7 |       ||     7
       Potion            |     2 |       ||     2
Armor: Leather armour    |    32 |     1 ||    33
Dodge: Dodged            |    84 |     3 ||    87

Table legend: (Time is in decaauts)
 A = Elapsed time spent in this place.
 B = Non-inter-level travel time spent in this place.
 C = Inter-level travel time spent in this place.
 D = Time resting spent in this place.
 E = Time spent auto-exploring this place.
 F = Levels seen in this place.
 G = Mean time per level.
                   A        B        C        D        E       F      G
               +--------+--------+--------+--------+--------+-----+--------+
         Total |   1570 |   1558 |     12 |      4 |   1279 |   2 |  785.0 |
       Dungeon |   1570 |   1558 |     12 |      4 |   1279 |   2 |  785.0 |
               +--------+--------+--------+--------+--------+-----+--------+

Top non-repeatable levels by time:
     D:1: 1282 daAuts
     D:2: 288 daAuts
